 Dungeon Sprint DCSS version 0.28-a0-1395-g4f6bc678fa (webtiles) character file.

Game seed: 308634877642737597

594 12572944 the Ducker (level 7, -6/60 HPs)
             Began as a Mummy Cinder Acolyte on Jan 4, 2022.
             Was a High Priest of Ignis.
             Killed from afar by a hell hound (9 damage)
             ... with a blast of flame
             ... in the Dungeon (Sprint V: "Ziggurat Sprint").
             The game lasted 00:06:15 (262 turns).

12572944 the Ducker (Mummy Cinder Acolyte)           Turns: 262, Time: 00:06:15

Health: -6/60      AC: 20    Str: 19    XL:     7   Next: 16%
Magic:  12/12      EV:  4    Int: 19    God:    Ignis [*****.]
Gold:   0          SH:  0    Dex: 14    Spells: 13/13 levels left

rFire   + . .      SeeInvis .   a - +5 battleaxe
rCold   + + .      Faith    .   (shield currently unavailable)
rNeg    + + +      Spirit   .   x - +5 gold dragon scales
rPois   ∞          Reflect  .   (no helmet)
rElec   .          Harm     .   (no cloak)
rCorr   .          Rampage  .   (no gloves)
Will    .....      NoTele   +   (no boots)
Stlth   ..........              (no amulet)
HPRegen 0.20/turn               r - +6 ring of dexterity
MPRegen 0.13/turn               s - +6 ring of intelligence

@: no status effects
A: cold resistance 1, negative energy resistance 3, torment resistance 2, heat
vulnerability 1, no potions
a: Renounce Religion, Fiery Armour, Foxfire Swarm, Rising Flame


You were in the Dungeon.
You worshipped Ignis.
Ignis was extremely pleased with you.
You visited 1 branch

Inventory:

Hand Weapons
 a - a +5 battleaxe (weapon)
 b - a +2 battleaxe of flaming
 e - a -1 hand axe of flaming
 f - a +5 broad axe
 g - a +5 executioner's axe
 h - a +5 demon whip
Armour
 d - +5 fire dragon scales
 x - +5 gold dragon scales (worn)
 A - a +0 robe
Magical Staves
 y - a staff of death
Jewellery
 p - a ring of flight
 q - a +6 ring of dexterity
 r - a +6 ring of dexterity (left hand)
 s - a +6 ring of intelligence (right hand)
 t - a +6 ring of intelligence
 u - a +6 ring of strength
 v - a +6 ring of strength
 z - an amulet of guardian spirit
Wands
 m - a wand of mindburst (7)
 n - a wand of iceblast (7)
 o - a wand of acid (7)
Scrolls
 c - 4 scrolls of blinking
 i - 4 scrolls of amnesia
 j - 7 scrolls of fog
 k - 5 scrolls of identify {@r1}
 l - 2 scrolls of fear
Miscellaneous
 w - a lightning rod (4/4)


   Skills:
 + Level 7.4 Fighting
 + Level 6.2 Axes
 + Level 5.5 Armour
 * Level 7.8 Dodging
 - Level 3.6 Spellcasting
 - Level 3.0 Fire Magic


You had 13 spell levels left.
You didn't know any spells.
Your spell library contained the following spells:

 Spells                   Type           Power      Damage    Failure   Level
 Scorch                   Fire           30%        2d6       100%        2
 Summon Guardian Golem    Hex/Summ       3%         N/A       100%        3
 Yara's Violent Unravell  Hex/Tmut       1%         3d3       100%        5


Dungeon Overview and Level Annotations

Branches:
Dungeon (1/1)

Altars:
Ashenzari
Cheibriados
Dithmenos
Elyvilon
Fedhas
Gozag
Hepliaklqana
Kikubaaqudgha
Makhleb
Nemelex Xobeh
Okawaru
Qazlal
Ru
Sif Muna
Trog
Uskayaw
Vehumet
Wu Jian
Xom
Yredelemnul
Zin
The Shining One
Beogh
Jiyva
Lugonu

Annotations:
D 1 transporter


Innate Abilities, Weirdness & Mutations

You are immune to poison.
Your flesh is cold resistant. (rC+)
You are immune to negative energy. (rN+++)
You are immune to unholy pain and torment.
You are vulnerable to heat. (rF-)
You do not drink.


Message History

The white imp gestures at you.
The puff of frost hits you but does no damage.
You barely miss the hell hound.
The hell hound is heavily wounded.
You closely miss the hell hound. You hit the white imp.
You closely miss the hell hound. The hell hound breathes flames at you.
The blast of flame hits you. You resist.
* * * LOW HITPOINT WARNING * * *
The hell hound bites you but does no damage.
The hell hound breathes flames at you. The blast of flame hits you. You resist.
* * * LOW HITPOINT WARNING * * *
The hell hound bites you but does no damage.
The hell hound bites you.
* * * LOW HITPOINT WARNING * * *
The hell hound bites you but does no damage.
The white imp hits you but does no damage.
You slice the hell hound!!
You kill the hell hound!
You barely miss the hell hound. You hit the white imp.
You closely miss the hell hound.
The hell hound bites you but does no damage. x2
The white imp hits you but does no damage.
The hell hound bites you but does no damage. x2
Your Axes skill increases to level 6!
You have reached level 7!
You closely miss the quasit. You slash the hell hound!
You kill the hell hound!
You slash the white imp!
You kill the white imp!
You barely miss the hell hound.
The hell hound bites you but does no damage.
The quasit bites you but does no damage.
The quasit claws you.
* * * LOW HITPOINT WARNING * * *
The quasit claws you but does no damage.
The hell hound breathes flames at you. The blast of flame hits you! You resist.
You die...

▓..)))▓.....▓..©..▓
▓..©..▓..©..▓▓▓▓▓▓▓
▓▓▓▓▓▓▓▓▓▓▓▓▓▓▓▓▓▓▓
▓..8©8...▓..8©8...▓
▓..||)...▓..)[:...▓
▓........▓..).}...▓
▓........▓........▓
▓....)...▓..h5....▓
▓........▓.▓.@..▓.▓
▓...©....▓...©....▓
▓▓▓▓▓▓▓▓▓▓▓▓▓▓▓▓▓▓▓


You could see a hell hound (catching breath) and a quasit.

Vanquished Creatures
  2 hell hounds (D)
  3 necrophages (D)
  A wight (D)
  A quasit (D)
  An orc priest (D)
  An iron imp (D)
  4 orc wizards (D)
  2 white imps (D)
  An orc (D)
16 creatures vanquished.

Notes
Turn   | Place    | Note
-------+----------+-------------------------------------------
     0 | D        | 12572944 the Mummy Cinder Acolyte began the quest for the
                  | Orb.
     0 | D        | Reached XP level 1. HP: 18/18 MP: 2/2
    12 | D        | Found a blossoming altar of Fedhas.
    12 | D        | Found the +6 Majin-Bo {vamp, MP+6 Int+6}
    12 | D        | Found the +9 heavy crossbow "Sniper" {vorpal, Acc+∞ SInv}
    12 | D        | Found the +10 dark maul {vorpal}
    12 | D        | Found the +15 Maxwell's patent armour {-Cast -Tele rElec
                  | Will+ rCorr}
    12 | D        | Found the +18 shield of the Gong {rElec rN+ Will+ EV-5}
    12 | D        | Found the +14 obsidian axe {vorpal, Mesm Drain Fly SInv}
    12 | D        | Found the +7 great mace "Firestarter" {inner flame, rF++}
    12 | D        | Found the +6 shillelagh "Devastator" {shatter}
    12 | D        | Found the +11 plutonium sword {Contam Stlth-}
    12 | D        | Found the +8 lance "Wyrmbane" {slay drac, rPois rF+ rC+
                  | AC+3}
    12 | D        | Found the +9 sword of Zonguldrok {reap}
    12 | D        | Found the +13 scythe of Curses {drain, Drain}
    12 | D        | Found the +5 sword of Power {vorpal}
    12 | D        | Found the +7 mace of Variability {chain chaos}
    12 | D        | Found the +7 Singing Sword {vorpal, sonic wave}
    12 | D        | Found the +8 storm bow {elec, penet}
    13 | D        | Found a viscous altar of Jiyva.
    13 | D        | Found a hazy altar of Hepliaklqana.
    13 | D        | Found a transporter.
    13 | D        | Found an opulent altar of Gozag.
    13 | D        | Found an ancient bone altar of Kikubaaqudgha.
    13 | D        | Found a corrupted altar of Lugonu.
    16 | D        | !bestwep
    21 | D        | !bestwep
    27 | D        | !bestwep
    29 | D        | Found a burning altar of Makhleb.
    30 | D        | Found a stormy altar of Qazlal.
    30 | D        | Found a sacrificial altar of Ru.
    30 | D        | Found an iron altar of Okawaru.
    30 | D        | Found a shimmering blue altar of Sif Muna.
    30 | D        | Found a sparkling altar of Nemelex Xobeh.
    30 | D        | Found a bloodstained altar of Trog.
   118 | D        | Entered arena 2.
   118 | D        | Noticed an orc wizard
   118 | D        | Found a transporter.
   122 | D        | Killed an orc wizard
   123 | D        | Reached skill level 1 in Armour
   123 | D        | Reached skill level 1 in Dodging
   123 | D        | Reached XP level 2. HP: 24/24 MP: 2/6
   129 | D        | Got the Almanac of Torrid Bewitchment
   138 | D        | Entered arena 3.
   138 | D        | Found a transporter.
   142 | D        | Reached XP level 3. HP: 26/30 MP: 4/8
   146 | D        | Reached XP level 4. HP: 33/38 MP: 5/9
   180 | D        | Entered arena 4.
   180 | D        | Found a transporter.
   190 | D        | Reached skill level 5 in Fighting
   190 | D        | Reached XP level 5. HP: 44/44 MP: 10/10
   202 | D        | Reached skill level 5 in Dodging
   218 | D        | !bestwep
   219 | D        | Entered arena 5.
   219 | D        | Noticed a necrophage
   219 | D        | Noticed a necrophage
   219 | D        | Noticed a necrophage
   219 | D        | Found a transporter.
   225 | D        | Killed a necrophage
   225 | D        | Killed a necrophage
   225 | D        | Killed a necrophage
   226 | D        | Reached skill level 5 in Axes
   226 | D        | Reached skill level 5 in Armour
   226 | D        | Reached XP level 6. HP: 44/55 MP: 11/11
   230 | D        | !bestwep
   230 | D        | !bestwep
   253 | D        | Entered arena 6.
   253 | D        | Noticed a hell hound
   253 | D        | Noticed a hell hound
   253 | D        | Noticed a hell hound
   253 | D        | Found a transporter.
   261 | D        | Killed a hell hound
   262 | D        | Reached XP level 7. HP: 4/60 MP: 12/12
   262 | D        | HP: 3/60 [quasit (1)]
   262 | D        | Killed from afar by a hell hound

Illustrated notes

▓▓▓▓▓▓▓▓▓▓▓▓▓
▓8_8_8_8©8_8_
▓_.........))
▓8.............
▓_..)).........
▓8..)).........
▓_..().....}...
▓8...@.....=...
▓_......?......
▓8...[..!../...
▓_...[.<.......
▓8.............
▓_.............
▓8_8_8_8_8_8_8_
▓▓▓▓▓▓▓▓▓▓▓▓▓▓▓


Turn 16 on D: !bestwep ▓▓▓▓▓▓▓▓▓▓▓▓▓ ▓8_8_8_8©8_8_ ▓_.........)) ▓8.............
▓_..))......... ▓8..)@......... ▓_..().....}... ▓8.........=... ▓_......?......
▓8...[..!../... ▓_...[.<....... ▓8............. ▓_............. ▓8_8_8_8_8_8_8_
Turn 21 on D: !bestwep ▓▓▓▓▓▓▓▓▓▓▓▓▓ ▓8_8_8_8©8_8_ ▓_.........)) ▓8.............
▓_..))......... ▓8..))......... ▓_..(@.....}... ▓8.........=... ▓_......?......
▓8...[..!../... ▓_...[.<....... ▓8............. ▓_............. ▓8_8_8_8_8_8_8_
▓▓▓▓▓▓▓▓▓▓▓▓▓▓▓ Turn 27 on D: !bestwep ▓▓▓▓▓▓▓▓▓▓▓▓▓▓▓▓▓▓▓ ▓.8@8.▓.8©8.▓.8©8.▓
▓..[).▓.[)).▓.....▓ ▓..)..▓.....▓.....▓ ▓.....▓.....▓.....▓ ▓.....▓.....▓..)).▓
▓..)))▓.....▓..©..▓ ▓..©..▓..©..▓▓▓▓▓▓▓ ▓▓▓▓▓▓▓▓▓▓▓▓▓ Turn 218 on D: !bestwep
▓..)..▓.....▓.....▓ ▓.....▓.....▓.....▓ ▓.....▓.....▓..)).▓ ▓..)))▓.....▓..©..▓
▓..©..▓..©..▓▓▓▓▓▓▓ ▓▓▓▓▓▓▓▓▓▓▓▓▓▓ ▓..8©8...▓ ▓..||)...▓ ▓...@....▓ ▓........▓
▓....)...▓ ▓........▓ ▓...©....▓ ▓▓▓▓▓▓▓▓▓▓ Turn 230 on D: !bestwep

Levels and vault maps discovered:
D:        sprint_v [room_start, room_1, room_2, room_3, room_4, room_5, room_6,
          room_7, room_8, room_9, room_10, room_11, room_12, room_13, room_14,
          room_15, room_16, room_17, room_18, room_19, room_20, room_21,
          room_22, room_23, room_24, room_25, room_26, room_27]

Skill      XL: |  1  2  3  4  5  6 |
---------------+-------------------+-----
Axes           | 3 4 5 6 |  6.2
Armour         | 1 2 3 5 |  5.5
Dodging        | 1 2 3 4 7 |  7.8
Spellcasting   | 3 |  3.6
Fire Magic     | 3 |  3.0
Fighting       | 4 5 7 |  7.4

Action                   |  1- 3 |  4- 6 |  7- 9 || total
-------------------------+-------+-------+-------++-------
Melee: Demon whip        |    10 |    18 |       ||    28
       Battleaxe         |       |    12 |     1 ||    13
Armor: Gold dragon scale |    16 |    69 |     3 ||    88
Dodge: Dodged            |       |     9 |       ||     9

Table legend: (Time is in decaauts)
 A = Elapsed time spent in this place.
 B = Non-inter-level travel time spent in this place.
 C = Inter-level travel time spent in this place.
 D = Time resting spent in this place.
 E = Time spent auto-exploring this place.
 F = Levels seen in this place.
 G = Mean time per level.
                   A        B        C        D        E       F      G
               +--------+--------+--------+--------+--------+-----+--------+
         Total |    264 |    261 |      3 |     24 |      0 |   1 |  264.0 |
       Dungeon |    264 |    261 |      3 |     24 |      0 |   1 |  264.0 |
               +--------+--------+--------+--------+--------+-----+--------+

Top non-repeatable levels by time:
       D: 264 daAuts
